noty, neutral male scurrid Tourist .g| e@| -.| noty the Rambler Experience level: 1 Strength: 15 Dexterity: 16 Constitution: 14 Intelligence: 13 Wisdom: 6 Charisma: 11 Health: 0(9) Energy: 2(2) Def: 0 Gold: 775 Moves: 79 Dungeon seed: vRtyh-S25DNyIIfu Game ID: noty_1498608104 Your Inventory: Coins $ - 775 gold pieces Weapons a - 48 uncursed +2 darts (in quiver) Armor e - a blessed +0 Hawaiian shirt (being worn) Comestibles b - an uncursed chestnut c - 4 uncursed food rations d - an uncursed pancake f - 3 uncursed fortune cookies g - 2 uncursed carrots h - an uncursed tripe ration Scrolls j - 3 uncursed scrolls of magic mapping k - a blessed scroll of magic mapping Potions i - 2 uncursed potions of extra healing Wands n - an uncursed wand of secret door detection (0:14) Tools l - an uncursed expensive camera (0:36) m - an uncursed credit card o - an uncursed towel Spells and supernatural/magical abilities: Name Level Category Fail Memory W - pray for help -- divine ? -- Your skills at the end: Miscellaneous Skills wands [Basic] Weapon Skills dart [Basic] Spellcasting Skills Final Attributes: You were devoutly aligned. You had infravision. You were very stealthy. You are dead. Vanquished creatures: a jackal 2 newts 3 creatures vanquished. Voluntary challenges: You went without food. You did not adorn yourself with jewelry or accessories. You did not cause conflict. You were not invisible. You did not have reflection. You were not displaced. You were an atheist. You never hit with a wielded weapon. You were a pacifist. You did not use tools. You did not use plumbed fixtures. You did not drink any magical draughts. You were illiterate. You never genocided any monsters. You never polymorphed an object. You never changed form. You used no wishes. You never split a pudding. You never wrote Elbereth's name. You never violated your personal moral code. Dungeon overview: The Dungeons of Doom: levels 1 to 24 Level 1 a long staircase Level 2 a long staircase Level 3 Level 4 Level 5 Level 6 many fountains Level 7 Level 8 Level 9 Level 10 Level 11 a fountain Level 12 Level 13 Level 14 Level 15 Level 16 Level 17 Level 18 Level 19 Level 20 Level 21 Level 22 Level 23 Level 24 <- You were here History has recorded: On T:1 you entered the Dungeons of Doom to retrieve the Amulet of Yendor! On T:26 you reached level 2 of The Dungeons of Doom. On T:28 you reached level 3 of The Dungeons of Doom. On T:31 you reached level 4 of The Dungeons of Doom. On T:33 you reached level 5 of The Dungeons of Doom. On T:35 you reached level 6 of The Dungeons of Doom. On T:37 you reached level 7 of The Dungeons of Doom. On T:40 you reached level 8 of The Dungeons of Doom. On T:42 you reached level 9 of The Dungeons of Doom. On T:44 you reached level 10 of The Dungeons of Doom. On T:48 you reached level 11 of The Dungeons of Doom. On T:50 you reached level 12 of The Dungeons of Doom. On T:52 you reached level 13 of The Dungeons of Doom. On T:55 you reached level 14 of The Dungeons of Doom. On T:57 you reached level 15 of The Dungeons of Doom. On T:57 you entered the Rogue tribute level. On T:59 you reached level 16 of The Dungeons of Doom. On T:61 you reached level 17 of The Dungeons of Doom. On T:64 you reached level 18 of The Dungeons of Doom. On T:66 you reached level 19 of The Dungeons of Doom. On T:70 you reached level 20 of The Dungeons of Doom. On T:72 you reached level 21 of The Dungeons of Doom. On T:74 you reached level 22 of The Dungeons of Doom. On T:76 you reached level 23 of The Dungeons of Doom. On T:79 you reached level 24 of The Dungeons of Doom. Score breakdown: Gold: 0 ( 0 points) Experience: 1 level ( 0 points) Exploration: 24 levels ( 690 points) Discoveries: 0 items ( 0 points) Variety of kills: 2 monsters ( 100 points) Major goal: (nothing yet) ( 0 points) Survival: died (score multiplied by 3) Total score: 2370 Latest messages: You continue digging downward. You dig a pit in the floor. You continue digging downward. You dig a hole through the floor. You fall through... You start digging downward. You continue digging downward. You dig a pit in the floor. You continue digging downward. You dig a hole through the floor. You fall through... You start digging downward. The titan casts a spell! You feel that monsters are aware of your presence. You continue digging downward. You dig a pit in the floor. You continue digging downward. You dig a hole through the floor. You fall through... The gremlin claws you! (2x) The gremlin bites! You die... Final status: Aloha noty the Tourist, killed by a gremlin... You died in The Dungeons of Doom on dungeon level 24 with 2370 points, and 775 pieces of gold, after 79 moves. You were level 1 with a maximum of 9 hit points when you died.